AoeStats
← Boost'Hate John

Arabia

503582245Analyzed
2v2 RM · 1mo ago on Sep 1, 2026· 24m 54s· 4 players
Game mode
Random Map
Map size
Medium (4 player)
Population
200
Speed
Normal
Resources
Standard
Victory
Conquest
Starting age
Dark Age
Ending age
Imperial Age
RankedLock teamsTeams togetherTeam positionsShared explorationLock speedFull tech treeHidden civsTurbo modeCheats
Victory
Defeat
🇨🇳 Khmer · China
1800
+17
🇨🇳 Maya · China
1798
+17
🇫🇷 Shu · France
1877
-20
🇫🇷 Franks · France
1748
-14
_LT_学成
0:25 Loom
8:30 Feudal Age
12:54 Fletching
13:24 Double-Bit Axe
17:21 Padded Archer Armor
23:30 Castle Age
22:29 Gold Mining
22:20 Horse Collar
24:05 Bodkin Arrow
23:46 Crossbowman
24:39 Bow Saw
24:30 Heavy Plow
25:25 Ballistics
_LT_椎名真昼
6:43 Loom
9:17 Feudal Age
9:51 Double-Bit Axe
15:00 Scale Barding Armor
20:28 Castle Age
19:09 Horse Collar
19:49 Bloodlines
20:11 Forging
19:53 Gold Mining
21:37 Chain Barding Armor
21:01 Light Cavalry
23:28 Bow Saw
Boost'Hate John
5:46 Loom
8:30 Feudal Age
10:28 Double-Bit Axe
11:56 Fletching
17:19 Padded Archer Armor
21:26 Castle Age
21:32 Horse Collar
21:42 Gold Mining
22:12 Bodkin Arrow
21:42 Crossbowman
22:42 Bow Saw
scorpion145
5:14 Loom
9:02 Feudal Age
9:33 Double-Bit Axe
26:26 Castle Age
25:19 Scale Barding Armor
Connection lost

Rejoining the realm…

Still unreachable

The connection could not be restored.

Session expired

The server has moved on; the page needs a fresh start.